Map: Nightshade LE

Players

antagomiR - Winner!

  • Race: Protoss Protoss
  • League: Gold
  • Spawn Location: 11:00

JperaltaS

  • Race: Terran Terran
  • Spawn Location: 5:00

VOD

Have the link to the VOD?

Description

Time

  • Played on: April 13, 2020, 6:46 p.m.
  • Length: 34:26
Show
View Real Time Build Order
Export as new Build Order

antagomiR Protoss - Winner!

Build Orders: Chargelot Immortal 

Get SALT Encoding   

  12  0:01  Probe  
  13  0:13  Probe  
  14  0:19  Pylon  
  14  0:27  Probe  
  15  0:38  Gateway  
  15  0:41  Probe (Chrono Boost)  
  16  0:51  Assimilator  
  16  0:53  Probe (Chrono Boost)  
  17  0:59  Probe (Chrono Boost)  
  18  1:09  Probe  
  19  1:14  Assimilator  
  19  1:27  Probe  
  19  1:31  Cybernetics Core  
  20  1:48  Nexus  
  20  1:56  Pylon  
  20  1:59  Probe  
  21  2:02  Warp Gate (Chrono Boost)  
  21  2:17  Probe  
  21  2:18  Adept  
  24  2:29  Probe  
  25  2:41  Probe  
  26  2:47  Pylon  
  26  2:48  Stalker  
  28  2:54  Probe  
  29  3:04  Robotics Facility  
  29  3:06  Probe  
  29  3:07  Probe  
  31  3:17  Gateway  
  31  3:21  Sentry  
  31  3:26  Probe x2  
  35  3:38  Probe x2  
  37  3:50  Probe  
  37  3:51  Observer  
  39  4:13  Observer  
  40  4:19  Shield Battery  
  40  4:20  Probe x2  
  42  4:29  Pylon  
  42  4:32  Probe  
  42  4:33  Pylon  
  42  4:34  Probe, Immortal  
  42  4:37  Sentry, Stalker  
  52  4:39  Pylon  
  52  4:44  Probe  
  53  4:46  Probe  
  54  4:56  Probe  
  54  4:58  Probe  
  56  5:07  Nexus  
  56  5:08  Probe  
  56  5:11  Probe, Pylon  
  58  5:14  Stalker  
  58  5:20  Probe  
  61  5:25  Immortal  
  65  5:30  Probe, Assimilator  
  65  5:32  Probe  
  67  5:42  Gateway  
  67  5:46  Probe x2  
  67  5:47  Twilight Council  
  69  5:58  Probe  
  69  5:59  Probe  
  69  6:00  Stalker  
  69  6:01  Zealot  
  75  6:08  Shield Battery  
  75  6:10  Probe  
  75  6:11  Probe  
  77  6:13  Pylon  
  77  6:18  Immortal  
  81  6:22  Probe  
  81  6:23  Gateway x2  
  82  6:27  Charge (Chrono Boost)  
  82  6:29  Gateway  
  82  6:33  Probe x2  
  82  6:34  Observer  
  82  6:37  Probe  
  85  6:45  Probe x2  
  87  6:48  Sentry x2  
  87  6:49  Zealot  
  93  7:09  Probe x3  
  93  7:13  Zealot x3  
  102  7:19  Immortal  
  102  7:21  Probe x2  
  108  7:33  Gateway x2  
  108  7:35  Gateway  
  108  7:37  Gateway  
  108  7:38  Forge  
  108  7:45  Pylon  
  108  7:46  Pylon x2  
  108  7:49  Pylon  
  108  7:51  Observer  
  108  7:56  Probe  
  109  8:03  Probe x2, Immortal  
  115  8:08  Probe  
  116  8:15  Probe x2  
  118  8:20  Probe  
  119  8:27  Probe x2  
  119  8:32  Probe  
  122  8:39  Probe  
  122  8:40  Protoss Ground Weapons Level 1 (Chrono Boost), Pylon  
  123  8:42  Warp Prism  
  125  8:49  Zealot  
  125  8:50  Zealot x6  
  125  8:52  Probe x2  
  141  8:58  Probe  
  141  9:01  Twilight Council  
  142  9:04  Probe, Pylon  
  142  9:08  Pylon  
  143  9:10  Pylon  
  143  9:16  Zealot x3  
  149  9:20  Immortal (Chrono Boost)  
  153  9:36  Assimilator  
  153  9:38  Assimilator  
  153  9:42  Nexus  
  153  9:45  Pylon  
  153  9:48  Pylon  
  153  9:52  Immortal  
  157  9:55  Photon Cannon  
  157  9:57  Photon Cannon  
  157  9:59  Shield Battery  
  157  10:00  Pylon, Photon Cannon  
  157  10:06  Photon Cannon  
  157  10:08  Photon Cannon  
  157  10:11  Photon Cannon  
  157  10:14  Photon Cannon  
  157  10:16  Pylon  
  157  10:17  Templar Archives  
  157  10:27  Stalker x2  
  161  10:28  Zealot x3  
  161  10:29  Zealot x3  
  161  10:30  Zealot  
  161  10:31  Immortal  
  179  10:55  Shield Battery  
  179  10:56  Shield Battery  
  179  10:57  Photon Cannon  
  179  10:58  Photon Cannon  
  179  10:59  Photon Cannon  
  179  11:01  Photon Cannon  
  179  11:05  Assimilator  
  179  11:06  High Templar x5, Assimilator  
  179  11:09  Pylon  
  179  11:10  Archon x2  
  179  11:11  Pylon  
  189  11:12  Zealot x4  
  189  11:13  Zealot  
  199  11:23  Protoss Ground Weapons Level 2  
  199  11:24  Psionic Storm  
  199  11:46  Assimilator  
  199  12:22  Pylon  
  199  12:38  Probe  
  198  13:12  Observer  
  193  13:29  Observer  
  192  13:50  Observer  
  193  14:21  Assimilator  
  193  14:38  Zealot x2  
  197  14:39  High Templar  
  197  14:42  Photon Cannon  
  197  14:45  Pylon  
  197  14:47  Photon Cannon  
  197  14:51  Photon Cannon  
  197  15:06  High Templar  
  199  15:51  Stargate  
  199  15:53  Stargate  
  199  15:56  Stargate  
  143  16:35  Stalker x4  
  143  16:36  Stalker x2  
  155  16:57  Fleet Beacon  
  155  17:20  Nexus  
  155  17:21  Pylon  
  155  17:24  Pylon  
  155  17:37  Nexus  
  155  17:38  Pylon  
  155  17:40  Pylon  
  155  17:45  Tempest x3, Photon Cannon  
  155  17:47  Photon Cannon  
  155  17:48  Photon Cannon  
  170  18:28  Tempest x3  
  185  18:39  Zealot x4  
  185  18:40  Zealot x3  
  199  18:50  Archon  
  199  19:03  Photon Cannon  
  199  19:05  Photon Cannon, Shield Battery  
  199  19:08  Shield Battery  
  199  19:12  Assimilator  
  114  20:12  Tempest x3  
  122  20:55  Tempest x3  
  137  21:02  Protoss Air Weapons Level 1 (Chrono Boost)  
  137  21:09  Zealot x3  
  137  21:10  Zealot x3  
  149  21:38  Tempest x3  
  149  22:21  Tempest x3  
  142  22:37  Zealot x5  
  142  22:38  Zealot x3  
  153  23:03  Tempest  
  153  23:04  Tempest x2  
  153  23:05  Protoss Air Armor Level 1  
  142  23:46  Tempest x2  
  142  23:47  Tempest  
  137  24:29  Tempest  
  137  24:30  Carrier x2  
  118  24:33  Stalker x2  
  118  24:34  Stalker x2  
  118  24:35  Stalker x3  
  118  24:36  Stalker  
  134  24:46  Assimilator  
  134  24:51  Assimilator  
  134  25:00  Stalker x3  
  134  25:01  Stalker x4  
  148  25:25  Zealot x2  
  148  25:26  Zealot x5  
  148  25:27  Zealot x3  
  168  25:38  Carrier  
  174  25:58  Shield Battery  
  174  25:59  Shield Battery  
  174  26:02  Pylon, Shield Battery  
  174  26:06  Photon Cannon  
  174  26:08  Photon Cannon  
  174  26:20  Assimilator  
  174  26:24  Assimilator  
  174  26:37  Tempest (Chrono Boost)  
  174  26:38  Carrier (Chrono Boost)  
  174  26:39  Carrier (Chrono Boost)  
  187  26:56  Zealot x3  
  187  26:57  Zealot x3  
  199  27:01  Protoss Air Weapons Level 2 (Chrono Boost)  
  187  27:50  Zealot x2  
  187  27:51  Zealot x4  
  187  27:52  Zealot x3  
  195  28:00  Carrier  
  187  28:14  Stalker x4  
  187  28:16  Stalker x2  
  187  28:17  Stalker x3  
  195  28:54  Nexus  
  166  29:03  Nexus  
  166  29:09  Carrier x2  
  110  29:35  Zealot x3  
  110  29:36  Zealot x3  
  122  29:39  Zealot x2  
  122  29:40  Zealot x2  
  113  30:04  Zealot x5  
  113  30:05  Zealot x4  
  113  30:06  Zealot  
  105  30:31  Zealot x5  
  105  30:32  Zealot x3  
  105  30:33  Zealot x2  
  125  30:44  Tempest x2  
  135  30:54  Zealot x2, Carrier (Chrono Boost)  
  135  30:55  Zealot x4  
  135  30:56  Zealot x3  
  159  30:57  Zealot  
  161  31:08  Pylon  
  161  31:10  Pylon  
  161  31:39  Tempest (Chrono Boost)  
  161  31:40  Assimilator  
  161  31:45  Assimilator  
  171  31:49  Pylon  
  171  31:50  Tempest (Chrono Boost)  
  171  31:52  Pylon  
  171  32:39  Tempest  
  176  32:59  Tempest  
Show
View Real Time Build Order
Export as new Build Order

JperaltaS Terran 

Build Orders: Reaper Expand 

Get SALT Encoding   

  12  0:03  SCV  
  13  0:20  Supply Depot  
  13  0:22  SCV  
  14  0:34  SCV  
  15  0:44  Barracks  
  15  0:47  SCV  
  16  0:56  Refinery  
  16  0:59  SCV  
  17  1:11  SCV  
  18  1:23  SCV  
  19  1:33  Supply Depot  
  19  1:50  Reaper  
  20  1:56  Orbital Command  
  20  2:09  Command Center  
  20  2:23  SCV  
  20  2:27  Refinery  
  21  2:35  SCV  
  22  2:38  Factory  
  22  2:47  SCV  
  23  3:00  SCV  
  23  3:03  Marine  
  25  3:12  SCV  
  26  3:19  Supply Depot  
  26  3:21  Marine  
  26  3:22  Factory Tech Lab  
  27  3:35  SCV  
  27  3:39  Marine  
  29  3:41  Supply Depot  
  29  3:47  SCV, Refinery  
  30  3:53  Siege Tank  
  33  3:56  Marine  
  33  3:59  SCV  
  35  4:03  Supply Depot  
  35  4:11  SCV, Refinery  
  35  4:14  Marine  
  36  4:23  SCV  
  37  4:26  Supply Depot  
  37  4:32  Marine  
  37  4:33  SCV  
  37  4:35  SCV  
  40  4:46  SCV  
  40  4:47  SCV  
  40  4:50  Marine  
  40  4:51  Starport  
  43  4:55  Siege Tank  
  43  4:58  SCV  
  47  5:19  Barracks Tech Lab  
  47  5:28  Starport, Siege Tank  
  50  5:29  SCV  
  51  5:41  SCV  
  52  5:45  Marauder  
  54  5:51  Starport Tech Lab  
  54  5:53  SCV  
  54  5:56  Fusion Core  
  55  6:00  Siege Tank  
  58  6:05  SCV  
  58  6:06  Marauder  
  58  6:07  Barracks  
  58  6:09  Starport Reactor  
  61  6:20  Cloaking Field  
  61  6:27  Marauder  
  61  6:30  SCV  
  64  6:39  Widow Mine  
  66  6:42  SCV  
  67  6:49  Marauder  
  70  6:54  SCV  
  70  6:55  Barracks  
  70  6:58  Barracks Reactor  
  70  7:01  Widow Mine  
  73  7:10  Marauder, Orbital Command  
  74  7:22  Widow Mine  
  76  7:27  Supply Depot x2  
  76  7:30  Supply Depot  
  76  7:32  Marauder  
  78  7:49  Battlecruiser  
  84  7:52  Supply Depot  
  84  7:53  Marauder  
  84  7:54  Supply Depot  
  84  7:57  Supply Depot  
  86  8:04  Stimpack  
  86  8:11  Weapon Refit  
  86  8:14  Marauder  
  88  8:28  Siege Tank  
  91  8:37  Command Center  
  91  8:53  Battlecruiser  
  97  9:00  Siege Tank  
  100  9:13  Engineering Bay  
  100  9:24  Viking x2  
  104  9:39  Engineering Bay  
  104  9:43  Combat Shield  
  104  9:46  Marine x3  
  104  9:52  Siege Tank  
  110  9:54  Viking x2  
  110  9:57  Banshee  
  117  10:04  Marine x3  
  120  10:08  Refinery  
  120  10:22  Marine x3  
  120  10:24  Viking x2, Siege Tank  
  130  10:34  Refinery  
  130  10:40  Banshee  
  133  10:46  Barracks Tech Lab  
  133  10:54  Viking x2  
  137  11:02  Concussive Shells  
  137  11:18  Planetary Fortress  
  137  11:22  Banshee  
  140  11:41  Supply Depot  
  140  11:57  Marine  
  140  12:01  Terran Infantry Weapons Level 1  
  141  12:02  Marine x3, Viking x2, Terran Infantry Armor Level 1  
  141  12:03  Supply Depot  
  148  12:14  Marine  
  149  12:24  Marine x3, Raven, SCV  
  149  12:25  Supply Depot  
  155  12:32  Viking  
  157  12:44  Missile Turret  
  157  12:46  Marine x4  
  157  12:47  SCV, Viking  
  157  12:48  Supply Depot  
  164  12:59  SCV  
  164  13:04  Missile Turret  
  165  13:07  Marine x3  
  165  13:09  Marine, Raven  
  165  13:10  Viking  
  165  13:11  SCV  
  165  13:12  Supply Depot  
  171  13:17  Viking  
  173  13:33  Marine x2, Missile Turret  
  173  13:34  SCV  
  176  13:35  Supply Depot  
  176  13:36  Siege Tank  
  176  13:40  Viking  
  181  13:56  Missile Turret  
  181  13:57  Viking  
  181  13:59  Supply Depot  
  177  14:09  Siege Tank  
  180  14:34  Marauder x2  
  184  14:41  Siege Tank  
  173  14:55  Marauder x2  
  177  15:05  Supply Depot  
  177  15:08  Supply Depot  
  177  15:13  Siege Tank  
  180  15:15  Medivac  
  182  15:27  Battlecruiser, Marauder  
  182  15:28  Supply Depot  
  190  15:29  Medivac  
  190  15:30  Marauder  
  190  15:33  Supply Depot  
  194  15:45  Siege Tank  
  199  15:50  Marauder  
  199  15:57  Supply Depot  
  183  16:11  Marauder  
  183  16:31  Battlecruiser  
  177  17:10  Command Center  
  177  17:11  Medivac x2  
  181  17:36  Battlecruiser  
  187  17:41  Medivac x2  
  191  18:11  Medivac x2  
  181  18:40  Battlecruiser  
  187  19:02  Command Center  
  187  19:44  Battlecruiser  
  193  19:48  Refinery  
  193  19:52  Refinery  
  137  20:48  Battlecruiser  
  143  21:05  SCV  
  144  21:13  Marine  
  144  21:14  Marine x3  
  144  21:17  SCV  
  149  21:31  Marine  
  149  21:32  Marine x3  
  153  21:49  Marine  
  153  21:50  Marine x3  
  153  21:51  Viking x2  
  153  21:52  Battlecruiser  
  166  22:07  Marine  
  166  22:08  Marine x3  
  152  22:21  Viking x2  
  151  22:25  Marine x2  
  151  22:51  Viking  
  151  22:57  Battlecruiser  
  156  23:04  Marine x4  
  159  23:21  Marine  
  159  23:22  Marine x2, Viking x2  
  160  23:52  Viking x2  
  160  23:53  Marine  
  160  23:54  Marine x3  
  167  24:01  Viking  
  169  24:11  Marine x2  
  169  24:12  Marine x2  
  155  24:29  Marine  
  150  24:38  Marine x3  
  151  24:44  Orbital Command  
  153  24:47  Marine  
  153  24:48  SCV  
  155  24:56  Marine x2  
  157  25:00  SCV  
  158  25:08  Refinery  
  158  25:11  Refinery  
  158  25:12  SCV  
  159  25:22  Marine x4  
  159  25:24  SCV  
  164  25:36  SCV  
  165  25:46  Raven  
  167  25:53  Medivac x2  
  171  25:58  Marine x4  
  164  26:15  Marine  
  164  26:16  Marine x3  
  167  26:23  Medivac x2  
  171  26:29  Raven  
  173  26:57  Viking  
  175  27:01  SCV  
  176  27:14  SCV  
  177  27:26  SCV  
  177  27:38  SCV  
  178  28:09  Supply Depot  
  178  28:33  Supply Depot  
  178  28:45  Armory  
  175  28:54  SCV x2  
  175  28:55  Supply Depot  
  150  29:06  SCV  
  132  29:18  Supply Depot  
  130  29:41  Supply Depot  
  100  29:55  Marine x2  
  100  29:56  Marine x2  
  95  30:05  Supply Depot  
  95  30:13  Marine x2  
  97  30:14  Marine x2  
  98  30:31  Marine x2  
  98  30:32  Marine x2  
  98  30:33  SCV  
  103  30:45  SCV, Viking x2  
  103  30:46  Viking  
  103  30:49  Marine x2  
  112  30:50  Marine x2  
  114  30:57  SCV  
  115  31:07  Marine x2  
  115  31:09  SCV  
  118  31:21  SCV  
  118  31:25  Viking x3  
  125  31:33  SCV x2  
  127  31:45  SCV x2  
  129  31:49  Marine x3  
  129  31:50  Marine  
  133  31:57  SCV  
  118  32:21  Viking  
  118  32:22  Viking  
Tags
 
League
Gold
Matchup
PvT
Replay Pack
20200422
Spawn Locations
Cross Positions
Add a new tag
Caveats
  • Supply blocks, unpowered buildings, or Contaminate may cause inaccurate times.
  • Supply counts are checked every 10 seconds.